 Dungeon Crawl Stone Soup version 0.27.0-1-g7a089689b8 (webtiles) character file.

Game seed: 9599931403418974255

1314 Lochraine the Skirmisher (level 8, -6/44 HPs)
             Began as a Vine Stalker Fighter on Aug 11, 2021.
             Killed by divine providence
             ... invoked by an orc priest
              (12 damage)
             ... on level 6 of the Dungeon.
             The game lasted 00:08:55 (4159 turns).

Lochraine the Skirmisher (Vine Stalker Fighter)     Turns: 4159, Time: 00:08:56

Health: -6/44      AC: 16    Str: 20    XL:     8   Next: 58%
Magic:  0/9        EV:  9    Int:  8    God:
Gold:   264        SH: 10    Dex: 15    Spells: 7/7 levels left

rFire    . . .     SeeInvis .   w - +0 dagger (drain)
rCold    . . .     Faith    .   c - +0 kite shield
rNeg     . . .     Spirit   +   t - +0 chain mail
rPois    .         Reflect  .   (no helmet)
rElec    .         Harm     .   r - +2 cloak
rCorr    .         Rampage  .   q - +0 pair of gloves
Will     +....                  k - +1 pair of boots
Stlth    ..........             (no amulet)
HPRegen  1.14/turn              a - +4 ring of evasion
MPRegen  0.11/turn              (no ring)

@: no status effects
A: fangs 3, regeneration 1, magic shield, antimagic bite, no potion heal 2
a: no special abilities


You were on level 6 of the Dungeon.
You visited 1 branch of the dungeon, and saw 6 of its levels.

You collected 264 gold pieces.

Inventory:

Hand Weapons
 o - a +0 vorpal mace
   (You found it on level 3 of the Dungeon)
 w - a +0 dagger of draining (weapon)
   (You took it off a goblin on level 4 of the Dungeon)
Missiles
 g - 40 poisoned darts (quivered)
 p - a throwing net {!f}
Armour
 b - a +0 scale mail
 c - a +0 kite shield (worn)
 k - a +1 pair of boots (worn)
   (You found it on level 2 of the Dungeon)
 q - a +0 pair of gloves (worn)
   (You found it on level 3 of the Dungeon)
 r - a +2 cloak (worn)
   (You found it on level 3 of the Dungeon)
 t - a +0 chain mail (worn)
   (You found it on level 3 of the Dungeon)
 A - a +1 kite shield of protection
   (You found it on level 4 of the Dungeon)
Jewellery
 a - a +4 ring of evasion (left hand)
   (You found it on level 5 of the Dungeon)
Wands
 v - a wand of digging (3)
   (You found it on level 6 of the Dungeon)
Scrolls
 e - 6 scrolls of identify {@r1}
 h - a scroll of torment {unknown}
 i - a scroll of fear {unknown}
 j - a scroll of enchant armour {unknown}
 n - 2 scrolls of brand weapon {unknown}
 u - 4 scrolls of teleportation {@r4}
 x - a scroll of holy word {unknown}
 y - a scroll of enchant weapon {unknown}
Potions
 d - a potion of might
 f - a potion of brilliance
 l - 2 potions of curing {@q1}
 m - a potion of haste {unknown}
 s - a potion of heal wounds {unknown}
 z - a potion of invisibility {unknown}
 B - a potion of ambrosia {unknown}


   Skills:
 + Level 5.5 Fighting
 + Level 4.8 Short Blades
 + Level 4.5 Armour
 + Level 5.5 Shields


You had 7 spell levels left.
You didn't know any spells.
Your spell library contained the following spells:

 Spells                   Type           Power      Damage    Failure   Level
 Ozocubu's Armour         Ice            0%         N/A       100%        3
 Metabolic Englaciation   Hex/Ice        0%         N/A       100%        5
 Simulacrum               Ice/Necr       0%         N/A       100%        6


Dungeon Overview and Level Annotations

Branches:
Dungeon (6/15)
 Temple: D:4-7

Altars:

Shops:
D:1 ==(=

Annotations:
D:2 Sigmund
D:3 1 runed translucent door, Brandom's ghost, amateur MfWn


Innate Abilities, Weirdness & Mutations

You have razor-sharp teeth.
Your natural rate of healing is unusually fast.
When hurt, damage is shared between your health and your magic reserves.
Your bite disrupts and absorbs the magic of your enemies.
Potions cannot restore your health.


Message History

The hound closely misses you.
You hit the hound. You drain the hound. The hound bites you but does no damage.
The hound closely misses you.
You hit the hound. Your bite misses the hound. You block the hound's attack.
You miss the hound. You bite the hound. You drain its power.
You block the hound's attack. The hound bites you but does no damage.
You hit the hound. The hound bites you but does no damage.
You barely miss the hound. You block the hound's attack.
You hit the hound.
You kill the hound!
No target in view!
An orc comes into view. It is wielding a +0 short sword.
The orc shouts!
You hear a shout! x2
The orc hits you but does no damage.
You closely miss the orc. You bite the orc. You drain its power.
The orc barely misses you.
You hit the orc but do no damage. You drain the orc. Your bite misses the orc.
An orc priest comes into view. It is wielding a +0 flail.
You block the orc's attack.
You barely miss the orc. You bite the orc. You drain its power.
The orc hits you but does no damage.
You hit the orc but do no damage. You drain the orc.
You kill the orc!
The orc priest looks braver for a moment.
An orc priest comes into view. It is wielding a +1 dagger of venom.
The orc priest shouts!
You hear a shout!
An orc warrior comes into view. It is wielding a +0 glaive.
The orc priest calls down the wrath of Beogh upon you.
Beogh smites you!
Things that are here:
a +0 short sword; a +0 leather armour; an orc corpse You hit the orc priest but do no damage.
The orc priest mumbles some strange prayers to Beogh against you.
Beogh smites you!
* * * LOW HITPOINT WARNING * * *
The orc priest barely misses you.
You are too injured to fight recklessly!
You are too injured to fight recklessly!
The orc priest calls down the wrath of Beogh upon you.
Beogh smites you!
* * * LOW HITPOINT WARNING * * *
Okay, then.
You block the orc priest's attack.
You hit the orc priest but do no damage.
The orc priest invokes the aid of Beogh against you.
Beogh smites you!
* * * LOW HITPOINT WARNING * * *
The orc priest invokes the aid of Beogh against you.
Beogh smites you!
You die...

... #.# #.##
#########†# #. ### ...
..#.........# ## #..
#.#.........###### #..
#.#...............
#...+.................
#.....†...........
###........#####.. ##
#........# > ..
#.@...#### ..
#.######.# #.
#o........
####..###o#####..
.......o....#
#.##...##....... #...
#.#.###.. #.... ......
#.##. #.#.###


You could see an orc priest.

Vanquished Creatures
  A water moccasin (D:4)
  2 centaurs
  A phantom (D:6)
  7 scorpions
  A howler monkey (D:5)
  2 orc priests
  A bullfrog skeleton (D:6)
  2 hounds
  2 jellies (D:5)
  2 iguanas
  An orc wizard (D:4)
  A hound skeleton (D:4)
  13 adders
  2 adder skeletons
  3 worms
  4 dart slugs
  7 orcs
  5 endoplasms
  2 giant cockroaches
  2 goblins (D:4)
  8 hobgoblins
  4 jackals (D:1)
  6 kobolds
  4 quokkas
  6 ball pythons
  11 bats
  4 frilled lizards
  3 rats
107 creatures vanquished.

Vanquished Creatures (others)
  An orc wizard (D:4)
  A fungus (D:5)
2 creatures vanquished.

Grand Total: 109 creatures vanquished

Notes
Turn   | Place    | Note
-------+----------+-------------------------------------------
     0 | D:1      | Lochraine the Vine Stalker Fighter began the quest for the
                  | Orb.
     0 | D:1      | Reached XP level 1. HP: 11/11 MP: 2/2
    55 | D:1      | Found Vyveoppo's Jewellery Boutique.
    96 | D:1      | Reached XP level 2. HP: 14/16 MP: 1/3
   138 | D:1      | Found Paurphof's Jewellery Shoppe.
   190 | D:1      | Found Finosa Kosich's Jewellery Shoppe.
   451 | D:1      | Reached XP level 3. HP: 20/20 MP: 4/4
   668 | D:1      | Found Sisaelus's Antique Weapon Emporium.
  1582 | D:2      | Gained mutation: Your natural rate of healing is unusually
                  | fast. [Vine Stalker growth]
  1582 | D:2      | Reached XP level 4. HP: 16/24 MP: 5/5
  1696 | D:2      | Noticed Sigmund
  2022 | D:3      | Noticed Brandom's ghost (amateur MfWn)
  2025 | D:3      | Found a runed translucent door.
  2420 | D:4      | Reached XP level 5. HP: 28/28 MP: 6/6
  2606 | D:4      | Noticed a centaur
  2628 | D:4      | Killed a centaur
  2798 | D:4      | Reached XP level 6. HP: 33/33 MP: 7/7
  3185 | D:5      | Entered Level 5 of the Dungeon
  3185 | D:5      | Noticed a water moccasin
  3268 | D:4      | Killed a water moccasin
  3269 | D:4      | Reached XP level 7. HP: 31/38 MP: 8/8
  3666 | D:5      | Reached skill level 5 in Fighting
  3666 | D:5      | Gained mutation: You have razor-sharp teeth. [Vine Stalker
                  | growth]
  3666 | D:5      | Reached XP level 8. HP: 35/43 MP: 7/9
  3695 | D:5      | Reached skill level 5 in Shields
  4159 | D:6      | Killed from afar by an orc priest

Illustrated notes

Levels and vault maps discovered:
D:1:      lemuel_arrival_hallway, layout_loops_cross, serial_shops,
          nicolae_shop_statue_plus, nicolae_shop_statue_plus, shop, shop,
          kennysheep_doodads
D:2:      layout_basic, serial_aquarium, aquarium_bridge_square
          [aquarium_subvault_balcony, aquarium_subvault_balcony,
          aquarium_subvault_bridge, aquarium_subvault_bridge],
          aquarium_window_1, aquarium_window_fake, aquarium_window_1,
          aquarium_view_2c, aquarium_view_2c, hangedman_decor_push,
          minmay_cut_off, uniq_sigmund
D:3:      wander_river, layout_rooms, hellmonk_ghost_happy_afterlife
D:4:      layout_loops_ring, hangedman_feature_mirror
D:5:      old_forge, layout_rooms, minivault_5, st_stairs_12,
          kennysheep_generic_room_3
D:6:      layout_basic

Skill      XL: |  1  2  3  4  5  6  7  8 |
---------------+-------------------------+-----
Short Blades   | 2 3 4 |  4.8
Fighting       | 3 4 5 |  5.5
Shields        | 3 4 5 |  5.5
Armour         | 3 4 |  4.5

Action                   |  1- 3 |  4- 6 |  7- 9 || total
-------------------------+-------+-------+-------++-------
Melee: Rapier            |   111 |    12 |       ||   123
       Bite              |    25 |    43 |    60 ||   128
       Mace              |       |   101 |     8 ||   109
       Dagger            |       |    27 |   151 ||   178
Throw: Dart              |     2 |       |       ||     2
  Use: Scroll            |       |     2 |       ||     2
Armor: Scale mail        |    54 |    11 |       ||    65
       Chain mail        |       |    87 |    79 ||   166
Dodge: Dodged            |    40 |    26 |    33 ||    99
Block: Kite shield       |    56 |    74 |    65 ||   195
